AoeStats
← hongtinneli

Arena

507055004Analyzed
4v4 RM · 17d ago on Sep 16, 2026· 52m 16s· 8 players
Game mode
Random Map
Map size
Large (8 player)
Population
200
Speed
Normal
Resources
Standard
Victory
Conquest
Starting age
Dark Age
Ending age
Imperial Age
RankedLock teamsTeams togetherTeam positionsShared explorationLock speedFull tech treeHidden civsTurbo modeCheats
Victory
Defeat
🇮🇳 Inca · India
960
+13
🇮🇳 Saracens · India
896
+16
🇮🇳 Bulgarians · India
803
+19
🇮🇱 Armenians · Israel
796
+20
🇨🇳 Turks · China
933
-19
🇻🇳 Britons · Vietnam
907
-18
🇹🇼 Italians · Taiwan
867
-16
🇭🇰 Portuguese · Hong Kong SAR China
825
-15
不動游星
10:16 Feudal Age
14:57 Castle Age
13:05 Double-Bit Axe
13:58 Horse Collar
15:42 Heavy Plow
30:55 Imperial Age
31:01 Bow Saw
32:43 Wheelbarrow
33:57 Gold Mining
33:58 Stone Mining
34:29 Hand Cart
37:25 Conscription
37:57 Thumb Ring
37:14 Elite Skirmisher
37:42 Elite Genoese Crossbowman
40:17 Stone Shaft Mining
41:28 Silk Road
41:03 Fletching
41:13 Padded Archer Armor
43:20 Squires
43:05 Arson
44:24 Leather Archer Armor
44:04 Bodkin Arrow
45:40 Bracer
46:11 Ring Archer Armor
45:48 Scale Barding Armor
Smallfung
12:13 Feudal Age
16:22 Castle Age
14:36 Gold Mining
14:33 Double-Bit Axe
21:28 Imperial Age
20:36 Treadmill Crane
22:03 Stone Mining
23:24 Chemistry
25:09 Stone Shaft Mining
27:12 Bow Saw
27:19 Fortified Wall
29:11 Wheelbarrow
29:44 Two-Man Saw
31:14 Hand Cart
31:29 Town Watch
31:29 Loom
31:52 Fletching
32:28 Bombard Tower
32:31 Ballistics
34:12 Conscription
33:53 Arquebus
34:23 Circumnavigation
36:12 Bodkin Arrow
36:31 Murder Holes
36:42 Siege Engineers
37:28 Bracer
40:40 Town Patrol
43:36 Elite Organ Gun
hongtinneli
11:18 Feudal Age
16:41 Castle Age
14:31 Double-Bit Axe
15:10 Horse Collar
18:16 Heavy Plow
18:27 Bow Saw
21:26 Loom
23:02 Fletching
25:31 Gold Mining
32:34 Imperial Age
30:49 Wheelbarrow
30:20 Padded Archer Armor
30:50 Bodkin Arrow
31:39 Stone Mining
32:25 Gold Shaft Mining
32:17 Ballistics
31:42 Treadmill Crane
33:38 Conscription
34:38 Two-Man Saw
34:48 Chemistry
33:51 Bracer
34:52 Yeomen
34:59 Leather Archer Armor
36:38 Ring Archer Armor
37:36 Hand Cart
37:14 Elite Longbowman
38:09 Squires
Aaron_7
7:35 Loom
9:24 Feudal Age
14:32 Loom
17:15 Castle Age
16:34 Double-Bit Axe
25:18 Horse Collar
25:51 Bow Saw
28:32 Gold Mining
30:41 Masonry
34:27 Imperial Age
35:26 Wheelbarrow
34:59 Heavy Plow
35:30 Conscription
36:30 Hand Cart
36:03 Town Watch
45:29 Bombard Tower
45:32 Ballistics
46:16 Elite Janissary
49:09 Gold Shaft Mining
48:25 Stone Mining
SgtNinja
11:04 Feudal Age
15:46 Castle Age
14:23 Champi Runner
16:38 Champi Runner
18:00 Scale Mail Armor
22:20 Champi Warrior
25:03 Double-Bit Axe
24:59 Horse Collar
26:46 Chain Mail Armor
34:39 Imperial Age
32:51 Wheelbarrow
35:26 Forging
36:35 Fabric Shields
36:30 Capped Ram
39:03 Plate Mail Armor
39:08 Iron Casting
37:59 Elite Champi Warrior
39:52 Siege Ram
45:05 Blast Furnace
44:27 Conscription
syedatun
10:43 Feudal Age
12:16 Double-Bit Axe
16:18 Castle Age
15:54 Horse Collar
20:18 Town Watch
20:19 Loom
23:54 Heavy Plow
27:19 Wheelbarrow
27:38 Town Patrol
29:14 Fletching
29:24 Padded Archer Armor
29:48 Gold Mining
29:58 Bodkin Arrow
30:19 Leather Archer Armor
30:26 Elite Skirmisher
34:24 Imperial Age
34:07 Bow Saw
34:47 Ballistics
34:09 Treadmill Crane
35:28 Hand Cart
35:37 Redemption
35:45 Fervor
36:03 Illumination
36:02 Sanctity
35:44 Bracer
36:14 Ring Archer Armor
35:34 Capped Ram
37:41 Two-Man Saw
39:13 Conscription
39:06 Counterweights
40:15 Chemistry
39:31 Fortified Wall
39:17 Siege Ram
40:45 Bimaristan
44:51 Onager
Derbish
3:51 Loom
9:59 Feudal Age
18:28 Castle Age
18:07 Double-Bit Axe
18:34 Gold Mining
19:52 Stone Mining
20:26 Fervor
23:06 Wheelbarrow
25:29 Horse Collar
30:48 Gold Shaft Mining
30:25 Heavy Plow
30:39 Bow Saw
34:00 Imperial Age
33:54 Masonry
34:49 Capped Ram
36:15 Conscription
35:54 Fletching
36:16 Forging
36:06 Scale Mail Armor
35:45 Siege Ram
38:08 Hoardings
37:30 Man-at-Arms
39:34 Squires
38:54 Long Swordsman
39:20 Gambesons
38:55 Pikeman
39:21 Arson
40:50 Chain Mail Armor
41:10 Iron Casting
40:28 Two-Handed Swordsman
41:27 Bodkin Arrow
42:03 Plate Mail Armor
41:18 Champion
45:49 Blast Furnace
46:47 Bracer
47:00 Fereters
47:38 Caravan
49:23 Scale Barding Armor
49:19 Padded Archer Armor
51:14 Chain Barding Armor
50:48 Onager
52:42 Chemistry
52:02 Ballistics
51:53 Fortified Wall
51:39 Murder Holes
pratikmalusare99
12:33 Feudal Age
10:50 Loom
13:52 Arson
14:07 Horse Collar
14:15 Double-Bit Axe
20:11 Scale Mail Armor
20:22 Forging
20:03 Fletching
28:05 Castle Age
25:52 Town Watch
28:34 Padded Archer Armor
30:36 Stirrups
33:15 Wheelbarrow
32:41 Town Patrol
33:23 Wheelbarrow
33:33 Murder Holes
33:49 Gambesons
34:04 Squires
34:12 Squires
34:25 Bloodlines
34:16 Husbandry
34:56 Iron Casting
34:18 Bodkin Arrow
36:49 Hand Cart
36:39 Heavy Plow
36:51 Bow Saw
36:35 Gold Mining
36:36 Stone Mining
40:34 Caravan
41:54 Masonry
42:05 Ballistics
46:24 Imperial Age
47:41 Gold Shaft Mining
47:42 Stone Shaft Mining
46:34 Onager
48:19 Chemistry
47:50 Architecture
46:51 Elite Konnik
49:17 Crop Rotation
49:33 Siege Onager
50:56 Elite Skirmisher
51:42 Thumb Ring
52:36 Conscription
Connection lost

Rejoining the realm…

Still unreachable

The connection could not be restored.

Session expired

The server has moved on; the page needs a fresh start.